AoeStats
← jaclay65

Arena

510660893Analyzed
4v4 RM · 1d ago on Oct 2, 2026· 42m 21s· 8 players
Game mode
Random Map
Map size
Large (8 player)
Population
200
Speed
Normal
Resources
Standard
Victory
Conquest
Starting age
Dark Age
Ending age
Imperial Age
RankedLock teamsTeams togetherTeam positionsShared explorationLock speedFull tech treeHidden civsTurbo modeCheats
Victory
Defeat
🇻🇪 Mongols · Venezuela
1308
+16
🇺🇸 Dravidians · United States
1307
+16
🇦🇷 Britons · Argentina
1299
+16
🇺🇾 Saxons · Uruguay
1285
+17
🇺🇸 Sicilians · United States
1358
-17
🇮🇳 Magyars · India
1314
-17
🇨🇳 Huns · China
1289
-16
🇳🇿 Romans · New Zealand
1265
-15
RagnarLothbrok
10:05 Feudal Age
14:08 Castle Age
12:14 Double-Bit Axe
12:32 Horse Collar
15:01 Bow Saw
16:14 Heavy Plow
20:30 Wheelbarrow
23:35 Gold Mining
24:33 Stone Mining
25:18 Gold Shaft Mining
25:56 Fletching
26:04 Loom
30:00 Imperial Age
28:56 Bodkin Arrow
29:44 Stone Shaft Mining
30:02 Padded Archer Armor
30:31 Bloodlines
30:41 Bracer
31:43 Chemistry
31:38 Conscription
31:28 Husbandry
31:19 Capped Ram
31:45 Onager
32:17 Siege Ram
33:47 Drill
35:24 Leather Archer Armor
36:38 Ballistics
36:07 Elite Mangudai
38:13 Siege Engineers
38:45 Siege Onager
39:54 Murder Holes
41:54 Masonry
Sun Tzu
11:53 Feudal Age
13:03 Horse Collar
15:31 Castle Age
13:49 Double-Bit Axe
16:00 Loom
25:09 Wheelbarrow
25:19 Town Watch
28:14 Fletching
29:14 Heavy Plow
32:16 Imperial Age
32:31 Bodkin Arrow
32:36 Padded Archer Armor
33:13 Bow Saw
33:24 Bracer
33:45 Thumb Ring
34:17 Leather Archer Armor
34:13 Medical Corps
35:19 Two-Man Saw
34:50 Ballistics
36:10 Husbandry
37:25 Gold Mining
38:51 Chemistry
38:48 Ring Archer Armor
40:00 Elite Elephant Archer
tomas.terrasa
11:20 Feudal Age
11:09 Loom
15:06 Castle Age
14:44 Double-Bit Axe
14:45 Horse Collar
16:16 Fletching
21:07 Bodkin Arrow
21:30 Town Watch
25:05 Bow Saw
27:36 Wheelbarrow
28:29 Padded Archer Armor
29:09 Ballistics
29:15 Heavy Plow
29:34 Leather Archer Armor
34:31 Imperial Age
33:38 Hand Cart
35:01 Yeomen
35:58 Bracer
37:08 Chemistry
36:44 Conscription
36:37 Gold Mining
37:52 Ring Archer Armor
39:23 Elite Longbowman
La_Sophie
7:12 Loom
9:27 Feudal Age
9:53 Double-Bit Axe
9:49 Horse Collar
12:01 Town Watch
16:37 Castle Age
15:39 Scale Mail Armor
16:38 Forging
17:21 Gold Mining
18:31 Bow Saw
21:55 Iron Casting
21:41 Squires
22:30 Fletching
25:22 Wheelbarrow
29:17 Chain Mail Armor
29:44 Stone Mining
29:41 Pikeman
30:14 Gambesons
30:30 Arson
32:31 Gold Shaft Mining
33:29 Hand Cart
35:56 Imperial Age
34:36 Heavy Plow
37:43 Plate Mail Armor
37:10 Elite Varangian Guard
39:00 Shield Wall
40:22 Conscription
41:31 Chemistry
40:47 Padded Archer Armor
jaclay65
10:24 Feudal Age
14:35 Castle Age
13:41 Scale Barding Armor
14:19 Double-Bit Axe
14:56 Loom
17:57 Horse Collar
22:12 Fletching
24:38 Masonry
24:37 Gold Mining
25:28 Bow Saw
26:30 Elite Skirmisher
27:41 Padded Archer Armor
27:37 Bodkin Arrow
28:28 Bodkin Arrow
32:01 Leather Archer Armor
37:38 Imperial Age
35:46 Wheelbarrow
34:58 Town Watch
35:56 Heavy Plow
36:09 Stone Mining
38:23 Bracer
39:27 Chemistry
38:47 Ballistics
38:32 Siege Engineers
41:38 Onager
Eiiisckhan
10:11 Feudal Age
14:43 Castle Age
13:05 Double-Bit Axe
13:08 Loom
13:56 Horse Collar
15:35 Wheelbarrow
29:03 Heavy Plow
30:42 Forging
30:38 Scale Barding Armor
36:21 Imperial Age
33:43 Town Watch
35:33 Iron Casting
35:42 Chain Barding Armor
35:51 Marauders
38:08 Bloodlines
39:53 Plate Barding Armor
40:18 Husbandry
41:35 Light Cavalry
NUR
10:20 Feudal Age
11:23 Double-Bit Axe
14:39 Castle Age
12:27 Double-Bit Axe
12:47 Horse Collar
15:27 Wheelbarrow
16:03 Bow Saw
16:36 Heavy Plow
22:42 Gold Mining
24:36 Gold Shaft Mining
25:06 Scale Barding Armor
25:01 Loom
25:01 Town Watch
26:18 Chain Barding Armor
26:01 Husbandry
27:07 Bloodlines
29:28 Stone Mining
30:06 Light Cavalry
34:10 Imperial Age
31:50 Fletching
32:15 Corvinian Army
32:41 Hand Cart
32:36 Bodkin Arrow
33:51 Padded Archer Armor
33:12 Light Cavalry
34:46 Thumb Ring
34:14 Heavy Cavalry Archer
35:04 Bracer
35:31 Conscription
35:39 Parthian Tactics
36:14 Ballistics
36:55 Chemistry
36:40 Leather Archer Armor
37:47 Recurve Bow
38:21 Ring Archer Armor
40:03 Hussar
41:50 Coinage
42:51 Two-Man Saw
[OTM]thebearjew
5:48 Loom
10:22 Feudal Age
14:40 Castle Age
16:09 Wheelbarrow
16:11 Double-Bit Axe
17:31 Horse Collar
21:17 Heavy Plow
21:34 Bow Saw
28:23 Imperial Age
26:46 Hand Cart
26:46 Scale Mail Armor
26:39 Fletching
26:56 Gold Mining
26:31 Elite Skirmisher
27:28 Squires
27:03 Man-at-Arms
27:30 Pikeman
27:31 Man-at-Arms
28:59 Chain Mail Armor
29:08 Long Swordsman
30:01 Forging
29:56 Bodkin Arrow
30:23 Halberdier
32:49 Legionary
35:58 Crop Rotation
37:13 Conscription
36:23 Capped Ram
37:51 Siege Ram
Connection lost

Rejoining the realm…

Still unreachable

The connection could not be restored.

Session expired

The server has moved on; the page needs a fresh start.